 Dungeon Crawl Stone Soup version 0.21.1-1-g345015f (webtiles) character file.

50 Kagorn the Skirmisher (level 3, 0/24 HPs)
             Began as a Gargoyle Berserker on June 10, 2018.
             Was a Believer of Trog.
             Slain by a goblin
             ... wielding a +0 dagger
             ... led by Robin
              (3 damage)
             ... on level 2 of the Dungeon.
             The game lasted 00:06:01 (1356 turns).

Kagorn the Skirmisher (Gargoyle Berserker)          Turns: 1356, Time: 00:06:02

Health: 0/24       AC:  5    Str: 20    XL:     3   Next: 79%
Magic:  3/3        EV: 12    Int:  7    God:    Trog [**....]
Gold:   46         SH:  0    Dex: 10    Spells: 2/2 levels left

rFire    . . .     SeeInvis .   a - +0 mace
rCold    . . .     Gourm    .   (no shield)
rNeg     + . .     Faith    .   b - +0 animal skin
rPois    ∞         Spirit   .   (no helmet)
rElec    +         Reflect  .   (no cloak)
rCorr    .         Harm     .   (no gloves)
MR       .....                  (no boots)
Stlth    +.........             (no amulet)
HPRegen  0.08/turn              (no ring)
MPRegen  0.08/turn              (no ring)

@: no status effects
A: negative energy resistance 1, electricity resistance, unbreathing,
petrification resistance, rot immunity, AC +3
a: Berserk, Trog's Hand, Burn Spellbooks, Renounce Religion


You were on level 2 of the Dungeon.
You worshipped Trog.
Trog was pleased with you.
You were not hungry.

You visited 1 branch of the dungeon, and saw 2 of its levels.

You collected 46 gold pieces.

Inventory:

Hand Weapons
 a - a +0 mace (weapon)
 n - a cursed -3 hand axe
Armour
 b - a +0 animal skin (worn)
Scrolls
 f - a scroll of enchant armour {unknown}
 h - a scroll of fear {unknown}
 k - a scroll of identify {unknown}
 m - a scroll of remove curse {unknown}
 o - a scroll of teleportation {unknown}
 p - a scroll of immolation {unknown}
Potions
 d - 2 potions of degeneration {unknown}
 e - 3 potions of heal wounds {unknown}
 g - 4 potions of curing {unknown}
 i - a potion of magic {unknown}
 j - a potion of flight {unknown}
 l - a potion of brilliance {unknown}
Comestibles
 c - a ration


   Skills:
 * Level 4.0 Fighting
 + Level 3.2 Maces & Flails
 + Level 2.6 Armour
 + Level 2.0 Dodging
 + Level 1.2 Stealth


You had 2 spell levels left.
You didn't know any spells.

Dungeon Overview and Level Annotations

Branches:
Dungeon (2/15)

Altars:

Annotations:
D:2 Robin


Innate Abilities, Weirdness & Mutations

You are resistant to torment.
Your stone body is resilient. (AC +3)
You are immune to poison.
You resist negative energy. (rN+)
You are resistant to electric shocks. (rElec)
You can survive without breathing.
You are immune to petrification.
You are immune to rotting.


Message History

The goblin is severely wounded.
The goblin hits you but does no damage. The goblin hits you.
The goblin misses you.
You sock the goblin!
You kill the goblin!
Trog accepts your kill.
Robin roars a battlecry!
The goblins go into a battle-frenzy!
The goblin closely misses you.
The hobgoblin hits you but does no damage.
You hit the hobgoblin.
The hobgoblin is moderately wounded.
The goblin barely misses you.
The hobgoblin hits you but does no damage.
You barely miss the hobgoblin.
The hobgoblin is moderately wounded.
The goblin barely misses you. The hobgoblin hits you.
* * * LOW HITPOINT WARNING * * *
The goblin hits you with a dagger.
You die...

#....#...####.
#.######.##
#.# #..# #.#
##'## #.#
###≈≈≈### #.#
##.'≈≈≈'.#
#####.#
#..#≈≈≈#..
#g....#
#..##'##.#
#@#####
#.....##.# #g#
#.....##.#


#gg #.....##.# #gg. ###...)... ##... ######## #.## .# .# You could see Robin, 2
hobgoblins and 3 goblins.

Vanquished Creatures
  An adder (D:2)
  2 dart slugs
  A ball python (D:1)
  A giant cockroach (D:1)
  5 hobgoblins
  3 jackals (D:1)
  2 bats (D:1)
  3 frilled lizards (D:1)
  9 goblins
  5 kobolds (D:1)
  3 rats (D:1)
35 creatures vanquished.

Notes
Turn   | Place    | Note
-------+----------+-------------------------------------------
     0 | D:1      | Kagorn the Gargoyle Berserker began the quest for the Orb.
     0 | D:1      | Reached XP level 1. HP: 14/14 MP: 1/1
   139 | D:1      | Reached XP level 2. HP: 11/19 MP: 2/2
   564 | D:1      | Reached skill level 1 in Stealth
   564 | D:1      | Reached XP level 3. HP: 24/24 MP: 3/3
  1092 | D:2      | Reached skill level 4 in Fighting
  1334 | D:2      | Noticed Robin
  1346 | D:2      | Reached ** piety under Trog
  1356 | D:2      | Slain by a goblin

Skill      XL: |  1  2  3 |
---------------+----------+-----
Stealth        | 1 |  1.2
Fighting       | 4 |  4.0
Dodging        | 2 |  2.0
Maces & Flails | |  3.2
Armour         | |  2.6

Action                   || total
-------------------------++-------
Melee: Mace              ||   128
 Stab: Sleeping          ||     1
  Eat: Ration            ||     1
Armor: Animal skin       ||    49
Dodge: Dodged            ||    98
